 Dungeon Crawl Stone Soup version 0.28-a0-863-g8cecda6153 (webtiles) character file.

Game seed: 14141978087759001066

2205 kae the Insei (level 9, -5/74 HPs)
             Began as a Yellow Draconian Transmuter on Nov 16, 2021.
             Was a Follower of Uskayaw.
             Slain by a gnoll (14 damage)
             ... on level 6 of the Dungeon.
             The game lasted 00:07:29 (8490 turns).

kae the Insei (Yellow Draconian Transmuter)         Turns: 8490, Time: 00:07:30

Health: -5/74      AC:  7    Str: 12    XL:     9   Next: 12%
Magic:  5/16       EV:  6    Int: 23    God:    Uskayaw [*.....]
Gold:   280        SH:  0    Dex: 12    Spells: 7/17 levels left

rFire   . . .      SeeInvis .     - Unarmed
rCold   . . .      Faith    .   (no shield)
rNeg    . . .      Spirit   .   (armour unavailable)
rPois   +          Reflect  .   (helmet restricted)
rElec   .          Harm     .   (no cloak)
rCorr   +          Rampage  .   (no gloves)
Will    .....                   (no boots)
Stlth   +.........              (no amulet)
HPRegen 0.22/turn               a - +6 ring of intelligence
MPRegen 0.15/turn               f - ring of poison resistance

@: lit by a corona, short of breath, wereblooded, very slightly contaminated,
held, glowing
A: spit acid, AC +7, unfitting armour, cold-blooded, acid resistance
a: Breathe Acid, Renounce Religion, Stomp


You were on level 6 of the Dungeon.
You worshipped Uskayaw.
Uskayaw was noncommittal.
You visited 2 branches of the dungeon, and saw 7 of its levels.

You collected 280 gold pieces.

Inventory:

Jewellery
 a - a +6 ring of intelligence (left hand)
 e - a ring of fire
 f - a ring of poison resistance (right hand)
 j - a ring of flight
 n - a +6 ring of dexterity
 p - a ring of willpower
 q - a ring of positive energy
 s - an amulet of faith
Wands
 g - a wand of flame (13)
 i - a wand of polymorph (3)
 k - a wand of iceblast (6)
 r - a wand of mindburst (5)
Scrolls
 l - 2 scrolls of amnesia
Potions
 c - a potion of brilliance
 d - 3 potions of flight
 h - 3 potions of degeneration
 m - a potion of attraction {unknown}
 o - a potion of magic {unknown}


   Skills:
 + Level 5.3 Fighting
 + Level 1.9 Dodging
 * Level 7.7 Unarmed Combat
 + Level 4.9 Spellcasting
 + Level 5.2 Transmutations
 - Level 4.0 Ice Magic
 + Level 2.0 Invocations


You had 7 spell levels left.
You knew the following spells:

 Your Spells              Type           Power      Damage    Failure   Level
a - Beastly Appendage     Tmut           58%        N/A       1%          1
b - Spider Form           Tmut/Pois      17%        N/A       10%         3
c - Ice Form              Ice/Tmut       27%        N/A       14%         4
d - Wereblood             Tmut           29%        N/A       1%          2

Your spell library contained the following spells:

 Spells                   Type           Power      Damage    Failure   Level
 Ensorcelled Hibernation  Hex/Ice        28%        N/A       6%          2
 Foxfire                  Conj/Fire      20%        2x1d5     10%         1
 Static Discharge         Conj/Air       5%         N/A       14%         2
 Conjure Flame            Conj/Fire      5%         6-21      28%         3
 Gell's Gravitas          Tloc           5%         N/A       28%         3
 Inner Flame              Hex/Fire       5%         N/A       28%         3
 Lesser Beckoning         Tloc           5%         N/A       28%         3
 Teleport Other           Tloc           5%         N/A       28%         3
 Dispel Undead            Necr           5%         3d7       67%         4
 Flame Wave               Conj/Fire      5%         3d4       67%         4
 Sticky Flame             Conj/Fire      5%         2d3       67%         4


Dungeon Overview and Level Annotations

Branches:
Dungeon (6/15)             Temple (1/1) D:5

Altars:
Ashenzari
Cheibriados
Dithmenos
Elyvilon
Fedhas
Gozag
Hepliaklqana
Kikubaaqudgha
Makhleb
Nemelex Xobeh
Okawaru
Qazlal
Ru
Sif Muna
Trog
Uskayaw
Vehumet
Wu Jian
Xom
Yredelemnul
Zin
The Shining One

Shops:
D:4 [

Annotations:
D:6 3 runed translucent doors, Megustar's ghost, novice DEFE


Innate Abilities, Weirdness & Mutations

You can spit globs of acid.
Your golden yellow scales are hard. (AC +7)
You cannot fit into any form of body armour.
You are cold-blooded and may be slowed by cold attacks.
You are resistant to acid. (rCorr)


Message History

Your blood is freshly infused with primal strength!
The gnoll hits you with a +0 whip.
The gnoll hits you from afar with a +0 halberd.
The gnoll hits you but does no damage. The gnoll shaman barely misses you.
The gnoll hits you but does no damage. x2
The gnoll shaman hits you but does no damage.
Casting: Wereblood (safe; 1% risk of failure)
Confirm with . or Enter, or press ? or * to list all spells.
You miscast Wereblood.
You are very lightly contaminated with residual magic.
Nothing appears to happen.
The gnoll hits you with a +0 whip.
The gnoll hits you from afar with a +0 halberd.
The gnoll hits you with a +0 whip. The gnoll shaman closely misses you.
You can no longer pass through a line of other dancers.
Casting: Wereblood (safe; 1% risk of failure)
Confirm with . or Enter, or press ? or * to list all spells.
Your blood is freshly infused with primal strength!
The gnoll hits you from afar with a +0 halberd!
The gnoll hits you with a +0 whip.
The gnoll shaman hits you with a +0 club!
* * * LOW HITPOINT WARNING * * *
The gnoll barely misses you.
The gnoll hits you from afar with a +0 halberd.
* * * LOW HITPOINT WARNING * * *
The gnoll hits you but does no damage.
The gnoll shaman hits you with a +0 club.
* * * LOW HITPOINT WARNING * * *
Okay, then.
Okay, then.
You feel better. The gnoll barely misses you.
The gnoll hits you but does no damage. The gnoll shaman closely misses you.
You struggle against the net.
The gnoll barely misses you.
The gnoll hits you from afar with a +0 halberd!
* * * LOW HITPOINT WARNING * * *
The gnoll hits you but does no damage.
The gnoll shaman hits you with a +0 club.
* * * LOW HITPOINT WARNING * * *
You struggle against the net.
The gnoll hits you from afar with a +0 halberd!
You die...

#.# #.# #### #.# #.#
...# #.# #.# ##.# #.#
#.# #.# #.# #># #.# #.#
#.########.############
#.......##.##..ggggg...
####............@# .#
#.###.....###.##### .#
#.# #.#...# #.....# >#
#.# #.###.###.###.#
.###.###.# #.........#
.........#####.####.....
....>.....# ##.#####.###
.###.###..###........#
......##.........#####


You could see a gnoll shaman (corroded) and 4 gnolls.

Vanquished Creatures
  Pikel (D:5)
  2 ice beasts (D:6)
  3 black bears
  An ogre (D:5)
  3 lemures (D:5)
  3 scorpions
  A water moccasin skeleton (D:5)
  4 wights (D:5)
  A bullfrog zombie (D:5)
  A jelly (D:6)
  3 orc priests
  2 centaur skeletons
  A gnoll shaman (D:4)
  Crazy Yiuf (D:5)
  A bullfrog skeleton (D:5)
  Jessica (D:2)
  Terence (D:3)
  An iguana (D:6)
  5 orc wizards
  A hound zombie (D:5)
  A hound skeleton (D:4)
  A howler monkey zombie (D:5)
  11 adders
  4 gnolls
  3 worms
  2 dart slugs
  15 orcs
  6 endoplasms
  2 giant cockroaches
  10 goblins
  3 hobgoblins (D:3)
  4 jackals (D:4)
  2 quokkas (D:2)
  9 ball pythons
  7 bats
  3 frilled lizards
  10 kobolds
  8 rats
138 creatures vanquished.

Vanquished Creatures (others)
  5 plants (D:5)
5 creatures vanquished.

Grand Total: 143 creatures vanquished

Notes
Turn   | Place    | Note
-------+----------+-------------------------------------------
     0 | D:1      | kae the Draconian Transmuter began the quest for the Orb.
     0 | D:1      | Reached XP level 1. HP: 16/16 MP: 3/3
   885 | D:1      | Reached XP level 2. HP: 20/23 MP: 5/5
  1465 | D:2      | Reached XP level 3. HP: 25/29 MP: 4/6
  1468 | D:2      | Learned a level 2 spell: Wereblood
  1472 | D:2      | Learned a level 3 spell: Spider Form
  1657 | D:2      | Noticed Jessica
  1667 | D:2      | Killed Jessica
  1668 | D:2      | Reached XP level 4. HP: 25/36 MP: 4/7
  1669 | D:2      | Reached skill level 4 in Unarmed Combat
  1770 | D:2      | Found a shimmering altar of Xom.
  1919 | D:2      | Found a faded altar of an unknown god.
  2222 | D:3      | Reached XP level 5. HP: 35/42 MP: 5/9
  3250 | D:3      | Noticed Terence
  3304 | D:3      | Killed Terence
  3474 | D:3      | Reached XP level 6. HP: 25/51 MP: 5/10
  4149 | D:4      | Reached skill level 5 in Unarmed Combat
  4213 | D:4      | Found Quwk's Armour Emporium.
  5038 | D:5      | Entered Level 5 of the Dungeon
  5559 | D:4      | Your scales start taking on a golden yellow colour.
  5559 | D:4      | Reached XP level 7. HP: 14/57 MP: 9/12
  5559 | D:4      | Gained mutation: You are resistant to acid. (rCorr) [Yellow
                  | Draconian growth]
  5994 | D:5      | Found a bloodstained altar of Trog.
  6009 | D:4      | Reached skill level 6 in Unarmed Combat
  6133 | D:4      | Learned a level 4 spell: Ice Form
  6237 | D:5      | Reached skill level 1 in Ice Magic
  6312 | D:5      | Noticed Pikel
  6432 | D:5      | Killed Pikel
  6433 | D:5      | Reached skill level 7 in Unarmed Combat
  6433 | D:5      | Reached XP level 8. HP: 20/67 MP: 12/14
  6829 | D:5      | Found a staircase to the Ecumenical Temple.
  6892 | Temple   | Entered the Ecumenical Temple
  7246 | Temple   | Became a worshipper of Uskayaw the Reveller
  7278 | D:5      | Found a runed translucent door.
  7279 | D:5      | Noticed Crazy Yiuf
  7297 | D:5      | Reached * piety under Uskayaw
  7300 | D:5      | Reached ** piety under Uskayaw
  7321 | D:5      | Reached *** piety under Uskayaw
  7558 | D:5      | Reached skill level 5 in Fighting
  7563 | D:5      | Reached skill level 1 in Invocations
  7801 | D:5      | Killed Crazy Yiuf
  7802 | D:5      | Reached skill level 5 in Transmutations
  8104 | D:6      | Reached XP level 9. HP: 74/74 MP: 11/16
  8454 | D:6      | Found a runed translucent gate.
  8454 | D:6      | Found a runed translucent gate.
  8454 | D:6      | Found a runed translucent gate.
  8455 | D:6      | Noticed Megustar's ghost (novice DEFE)
  8490 | D:6      | Slain by a gnoll

Illustrated notes

Levels and vault maps discovered:
D:1:      wheals_arrival_shading, layout_basic, st_stairs_5
D:2:      layout_basic, basic_altar, nicolae_ecumenical_snake_handling,
          chequers_serial_rivers_marsh, uniq_jessica
D:3:      minmay_bubble_buster, layout_basic, minmay_vboxes, uniq_terence
D:4:      layout_gridville, serial_shops, shop, chequers_serial_rivers_small_a
D:5:      layout_rooms, trog_ov_bears_minmay, minmay_temple_entry_overgrown,
          corner_web_ring, uniq_crazy_yiuf_cottage, uniq_pikel
D:6:      layout_loops_ring, ebering_ghost_rock_garden,
          kennysheep_generic_room_4
Temple:   mainiacjoe_temple_circle_huts

Skill      XL: |  1  2  3  4  5  6  7  8  9 |
---------------+----------------------------+-----
Fighting       | 2 3 4 5 |  5.3
Unarmed Combat | 4 5 7 |  7.7
Transmutations | 3 4 5 |  5.2
Spellcasting   | 3 4 |  4.9
Ice Magic      | 3 4 |  4.0
Invocations    | 1 2 |  2.0
Dodging        | |  1.9

Action                   |  1- 3 |  4- 6 |  7- 9 || total
-------------------------+-------+-------+-------++-------
Melee: Unarmed           |    80 |   228 |   165 ||   473
       Kick              |     9 |     7 |     2 ||    18
       Headbutt          |     6 |     5 |     1 ||    12
       Tailslap          |     3 |     7 |     6 ||    16
       Punch             |       |       |     2 ||     2
 Cast: Beastly Appendage |    15 |    19 |     1 ||    35
       Spider Form       |     1 |    24 |     8 ||    33
       Ice Form          |       |       |    10 ||    10
       Wereblood         |       |       |     8 ||     8
 Abil: Breathe Acid      |       |       |     2 ||     2
  Use: Scroll            |       |     7 |       ||     7
       Potion            |       |     1 |     1 ||     2
 Stab: Paralysed         |       |       |     2 ||     2
Armor: Skin              |    25 |    43 |    69 ||   137
Dodge: Dodged            |    60 |   202 |   120 ||   382

Table legend: (Time is in decaauts)
 A = Elapsed time spent in this place.
 B = Non-inter-level travel time spent in this place.
 C = Inter-level travel time spent in this place.
 D = Time resting spent in this place.
 E = Time spent auto-exploring this place.
 F = Levels seen in this place.
 G = Mean time per level.
                   A        B        C        D        E       F      G
               +--------+--------+--------+--------+--------+-----+--------+
         Total |   8455 |   8080 |    375 |    108 |   6657 |   7 | 1207.9 |
       Dungeon |   8079 |   7761 |    318 |    108 |   6360 |   6 | 1346.5 |
        Temple |    375 |    319 |     56 |      0 |    297 |   1 |  375.0 |
               +--------+--------+--------+--------+--------+-----+--------+

Top non-repeatable levels by time:
     D:3: 2483 daAuts
     D:4: 1578 daAuts
     D:1: 1256 daAuts
     D:5: 1244 daAuts
     D:2: 891 daAuts
     D:6: 626 daAuts
  Temple: 375 daAuts
